 Dungeon Crawl Stone Soup version 0.18-a0-1718-g40ea4b6 (webtiles) character file.

58 Sixotanaka the Magician (level 3, 0/39 HPs)
             Began as a Demigod Wanderer on Apr 7, 2016.
             Succumbed to an adder's poison
             ... on level 3 of the Dungeon.
             The game lasted 00:07:14 (2700 turns).

Sixotanaka the Magician (Demigod Wanderer)          Turns: 2700, Time: 00:07:15

Health: 0/39       AC: 21    Str: 16 (17) XL:     3   Next: 51%
Magic:  5/12       EV:  2    Int: 14      God:
Gold:   77         SH:  4    Dex: 17      Spells: 1 memorised, 11 levels left

rFire  + . .     SeeInvis .     h - +0 whip (vamp) {!w}
rCold  + . .     Gourm    .     (armour currently unavailable)
rNeg   + + +     Faith    .     c - +0 buckler
rPois  +         Spirit   .     (helmet currently unavailable)
rElec  +         Dismiss  .     (cloak currently unavailable)
rCorr  +         Reflect  .     (gloves currently unavailable)
SustAt +         Harm     .     (boots currently unavailable)
MR     .....     NoTele   +     (no amulet)
Stlth  ++........               (no ring)
                                j - ring of flight

@: lethally poisoned (0 -> -2), tree-form, resistant, very slightly
contaminated, not resistant to hostile enchantments, unstealthy
A: high mp 1, sustain attributes
a: no special abilities


You were on level 3 of the Dungeon.
You were hungry.
You were a tree.
You visited 1 branch of the dungeon, and saw 3 of its levels.

You collected 77 gold pieces.


Innate Abilities, Weirdness & Mutations

You have an increased reservoir of magic (+10% MP).
Your attributes are resistant to harm.


   Skills:
 + Level 3.1 Maces & Flails
 - Level 1.7 Shields
 - Level 5.4 Spellcasting
   Level 1.0 Translocations
   Level 1.0 Earth Magic


You had 11 spell levels left.
You knew the following spells:

 Your Spells              Type           Power        Failure   Level  Hunger
z - Magic Dart            Conj           #...         24%         1    None


Dungeon Overview and Level Annotations

Branches:
Dungeon (3/15)

Annotations:
D:2 Sigmund

Inventory:

Hand Weapons
 e - a +0 club
 h - a +0 vampiric whip (weapon) {!w}
   (You took it off a hobgoblin on level 1 of the Dungeon)
Armour
 c - a +0 buckler (worn)
 d - a +0 robe (melded)
Jewellery
 j - a ring of flight (left branch)
Wands
 o - a wand of random effects (27/48)
Scrolls
 g - 3 scrolls of identify {unknown}
 l - 2 scrolls of teleportation {unknown}
 m - 2 scrolls of recharging {unknown}
 p - a scroll of noise {unknown}
Potions
 i - 3 potions of resistance
Books
 a - a book of Minor Magic
 b - Naga's Grimoire of Darkness

   Spells                             Type                      Level
   a - Corpse Rot                     Necromancy                   2
   b - Sublimation of Blood           Necromancy                   2
Comestibles
 f - 3 bread rations
 q - 6 chunks of flesh
 r - a meat ration

.....#####.#
.....#####.##
.........#..+
......##.#.##...
................
.......#.#.#######
.......#.#.......#
.......#.#.#####.#
.......#.#.# #♣#
..####.#.#.#
#.†......
.......#.#.#
#........
..######.#.#
#........ ...#
#.#.# #........
...#####.#.#
.........
.........#.#
#########
##..####.#.#
#......<#.#


There were no monsters in sight!


Message History

You miscast Magic Dart.
You are very lightly contaminated with residual magic.
Wisps of smoke drift from your hands. The adder barely misses you.
The adder bites you.
You miss the adder. The adder bites you but does no damage.
You miss the adder.
You feel sick. The adder bites you.
* * * LOW HITPOINT WARNING * * *
You closely miss the adder. The adder closely misses you.
You miss the adder. The adder bites you.
* * * LOW HITPOINT WARNING * * *
Casting: Magic Dart
Aiming: Magic Dart
Aim: an adder (severely wounded)
The magic dart hits the adder.
The adder bites you.
* * * LOW HITPOINT WARNING * * *
The adder bites you but does no damage.
Casting: Magic Dart
Aiming: Magic Dart
Aim: an adder (severely wounded)
The magic dart hits the adder.
The adder bites you.
* * * LOW HITPOINT WARNING * * *
You are lethally poisoned!
The adder poisons you!
Drink which item? (? for menu, Esc to quit)
It was a potion of resistance.
You feel protected.
* * * LOW HITPOINT WARNING * * *
You feel sick. The adder completely misses you.
Drink which item? (? for menu, Esc to quit)
Okay, then.
Casting: Magic Dart
Aiming: Magic Dart
Aim: an adder (almost dead)
The magic dart hits the adder.
* * * LOW HITPOINT WARNING * * *
You feel sick. The adder barely misses you. You block the adder's attack.
Casting: Magic Dart
Aiming: Magic Dart
Aim: an adder (almost dead)
You miscast Magic Dart.
Nothing appears to happen.
The adder bites you.
* * * LOW HITPOINT WARNING * * *
Drink which item? (? for menu, Esc to quit)
You can't drink that!
Drink which item? (? for menu, Esc to quit)
It was a potion of cure mutation.
It has a very clean taste.
* * * LOW HITPOINT WARNING * * *
You feel sick. The adder closely misses you.
Drink which item? (? for menu, Esc to quit)
It was a potion of lignification.
You turn into a tree.
Your +0 robe melds into your body.
Your roots penetrate the ground.
The adder bites you but does no damage. x2
Casting: Magic Dart
Aiming: Magic Dart
Aim: an adder (almost dead)
The magic dart hits the adder.
You kill the adder!
Your Maces & Flails skill increases to level 3!
* * * LOW HITPOINT WARNING * * *
You feel sick.
Drink which item? (? for menu, Esc to quit)
It was a potion of degeneration.
There was something very wrong with that liquid.
You feel somewhat weakened.
You feel dopey for a moment.
You feel clumsy for a moment.
* * * LOW HITPOINT WARNING * * *
You feel sick.
You are feeling hungry.
* * * LOW HITPOINT WARNING * * *
You feel sick.
You die...

Action                   || total
-------------------------++-------
Melee: Club              ||    32
       Whip              ||    30
 Cast: Magic Dart        ||   114
  Use: Potion            ||     4
 Stab: Sleeping          ||     1
  Eat: Chunk             ||     5
       Bread ration      ||     1

Vault maps used:
D:1:      minmay_arrival_open_corners
D:2:      gammafunk_pakellas_cloud_experiment, ecumenical_altar_1, uniq_sigmund
D:3:      minitemple, first_bread, nemelex_lonely_heart_becter, uniq_iyjb

Notes
Turn   | Place    | Note
--------------------------------------------------------------
     0 | D:1      | Sixotanaka the Demigod Wanderer began the quest for the Orb.
     0 | D:1      | Sixotanaka set off with: a book of Minor Magic, Naga's Grimoire of Darkness, a +0 buckler, a +0 robe, a +0 club, a bread ration
     0 | D:1      | Reached XP level 1. HP: 14/14 MP: 9/9
     0 | D:1      | Identified Naga's Grimoire of Darkness
     2 | D:1      | Learned a level 1 spell: Magic Dart
   167 | D:1      | Reached skill level 1 in Maces & Flails
   748 | D:1      | Reached XP level 2. HP: 11/20 MP: 3/11
  1114 | D:1      | Reached skill level 2 in Maces & Flails
  1958 | D:2      | Reached XP level 3. HP: 15/26 MP: 1/12
  2202 | D:2      | Noticed Sigmund
  2687 | D:3      | HP: 6/26 [poisoned by an adder]
  2690 | D:3      | HP: 2/26 [poisoned by an adder]
  2692 | D:3      | Reached skill level 3 in Maces & Flails
  2697 | D:3      | HP: 1/39 [poisoned by an adder]
  2700 | D:3      | Succumbed to an adder's poison

Vanquished Creatures
  An adder (D:3)
  A worm (D:3)
  2 dart slugs
  6 bats
  4 goblins (D:1)
  5 hobgoblins
  6 jackals
  A quokka (D:3)
  2 giant newts
  9 kobolds
  3 rats (D:1)
40 creatures vanquished.
